 Dungeon Crawl Stone Soup version 0.31-a0-43-g46d131a48f (webtiles) character file.

Game seed: 17041155322373515209

154 ytrimaz the Cudgeller (level 5, -1/54 HPs)
             Began as an Ogre Gladiator on May 19, 2023.
             Slain by a gnoll sergeant
             ... wielding a +0 spear
              (8 damage)
             ... on level 3 of the Dungeon.
             The game lasted 00:04:16 (2532 turns).

ytrimaz the Cudgeller (Ogre Gladiator)              Turns: 2532, Time: 00:04:16

Health: -1/54      AC:  4    Str: 20    XL:     5   Next: 36%
Magic:  5/5        EV: 10    Int:  9    God:
Gold:   128        SH:  0    Dex: 10    Spells: 4/4 levels left

rFire   . . .        a - +0 flail
rCold   . . .        (no shield)
rNeg    . . .        b - +1 robe
rPois   .            c - +0 hat
rElec   .            (no cloak)
rCorr   .            (gloves unavailable)
SInv    .            (boots unavailable)
Will    .....        (no amulet)
Stlth   +            (no ring)
HPRegen 0.29/turn    (no ring)
MPRegen 0.09/turn

%: no passive effects
@: no status effects
A: large, unfitting armour, tough skin 1
a: no special abilities


You were on level 3 of the Dungeon.
You visited 1 branch of the dungeon, and saw 3 of its levels.

You collected 128 gold pieces.


Innate Abilities, Weirdness & Mutations

You are too large for most types of armour.
You have tough skin. (AC +1)


   Skills:
 + Level 4.1 Fighting
 * Level 4.2 Maces & Flails
 + Level 3.1 Throwing
 - Level 2.6 Dodging


You had 4 spell levels left.
You didn't know any spells.
Your spell library contained the following spells:

 Spells                   Type           Power      Damage    Failure   Level
 Inner Flame              Hex/Fire       0%         N/A       77%         3
 Flame Wave               Conj/Fire      0%         2d4       99%         4
 Sticky Flame             Conj/Fire      0%         2d3       99%         4

Inventory:

Hand Weapons
 a - a +0 flail (weapon)
Missiles
 d - 2 throwing nets (quivered)
 e - a large rock
 k - 4 poisoned darts
Armour
 b - a +1 robe (worn)
 c - a +0 hat (worn)
Jewellery
 p - an amulet of guardian spirit
   (You found it on level 3 of the Dungeon)
Scrolls
 f - 2 scrolls of enchant armour
 i - a scroll of torment
 j - a scroll of noise
 n - a scroll of identify
 r - a scroll of fear {unknown}
Potions
 g - a potion of attraction

Dungeon Overview and Level Annotations

Branches:
Dungeon (3/15) Zot: 15416

Altars:

Shops:
D:3

[ #..){)......#
#############§#
#<.gg.##....#{#
#.†...##.##.#§#
*#.####g..##.#§#
#....##.#.g..#§#
#..#.##g#.#gg#o#
#..#.##.#.#..#.#
#..#.##.#.#.@#§#
#..#.##.....g.§#
####.####.######
#......#
########


You could see a gnoll sergeant and 3 gnolls.


Message History

The kobold hits you with a +0 whip.
Things that are here:
a +0 dagger; a +0 robe; 😮 HP[-6]
You take 6 damage, and now have 31/54 hp.
You sock the kobold!
You kill the kobold!
You feel very sick. 😨 HP[-4]
You take 4 damage, and now have 27/54 hp.
Unknown command.
Deactivating autopickup; reactivate with Ctrl-A.
You sock something!
Reactivating autopickup.
You feel a bit more experienced.
You feel very sick. 😨 HP[-2]
You take 2 damage, and now have 25/54 hp.
You sock the orc!
You kill the orc!
You feel sick. 😨 HP[-2]
You take 2 damage, and now have 23/54 hp.
Deactivating autopickup; reactivate with Ctrl-A.
You barely miss something.
You feel sick.
You hear some strange, mumbled words.
A magic dart appears from out of thin air!
The magic dart hits you.
* * * LOW HITPOINT WARNING * * *
Something hits you.
* * * LOW HITPOINT WARNING * * *
Unknown command. 😱 HP[-10]
You take 10 damage, and now have 13/54 hp.
You hit something.
You feel sick.
You hear some strange, mumbled words.
A magic dart appears from out of thin air!
The magic dart hits you.
* * * LOW HITPOINT WARNING * * *
😱 HP[-4]
You take 4 damage, and now have 9/54 hp.
You miss something.
You feel sick.
Something hits you but does no damage. 😱 HP[-2]
You take 2 damage, and now have 7/54 hp.
You barely miss something.
You feel sick. Something hits you.
* * * LOW HITPOINT WARNING * * *
😱 HP[-4]
You take 4 damage, and now have 3/54 hp.
You hit something but do no damage.
You feel sick.
You are no longer poisoned.
Something hits you.
* * * LOW HITPOINT WARNING * * *
😱 HP[-2]
You take 2 damage, and now have 1/54 hp.
Unknown command.
Okay, then.
Blink to where?
Press: ? - help, Dir - move target
As you read the scroll labelled EVVEPOMUUT, it crumbles to dust.
It was a scroll of blinking. 😱 HP[+1] Throw: 4 throwing nets
Press: ? - help, Q - select action, (/) - cycle Shift-Dir - straight line, f - gnoll
Aim: a gnoll, wielding a +0 flail (wandering, hasn't noticed you, 63% to hit)
Okay, then.
As you read the scroll labelled HESENE BASEN, it crumbles to dust.
You feel aware of your surroundings.
It was a scroll of magic mapping.
The gnoll shouts!
You hear a shout! x2
As you read the scroll labelled ERYIRH LAGHIL EPTU, it crumbles to dust.
The scroll dissolves into smoke.
It was a scroll of fog. 😱 HP[+1] Throw: 4 throwing nets
Press: ? - help, Q - select action, (/) - cycle Shift-Dir - straight line, f - gnoll
Aim: a gnoll, wielding a +0 flail (purple smoke, 63% to hit)
You throw a throwing net. The throwing net hits the gnoll.
The gnoll is caught in the net!
The gnoll struggles against the net.
Throw: 3 throwing nets
Press: ? - help, Q - select action, (/) - cycle Shift-Dir - straight line, p - gnoll
Aim: Disturbance (purple smoke)
You throw a throwing net.
Something gets caught in the net!
Something wriggles in the net.
The gnoll struggles against the net. 😱 HP[+1]
The gnoll struggles against the net.
You sock the gnoll!
The gnoll struggles against the net.
You hit the gnoll.
The gnoll struggles against the net. x2
The net rips apart, and the gnoll comes free! 😱 HP[+1]
You hit the gnoll.
You kill the gnoll!
Something wriggles in the net.
You see here a +0 flail. 😱 HP[+1]
The gnoll sergeant shouts!
You hear a shout! x2 2 gnolls come into view.
The gnoll shouts! x2
A gnoll comes into view. It is wielding a +0 club.
The gnoll sergeant barely misses you.
The gnoll moves out of view.
The gnoll barely misses you.
The gnoll sergeant hits you with a +0 spear!
You die...

Skill      XL: |  1  2  3  4  5 |
---------------+----------------+-----
Maces & Flails | 3 4 |  4.2
Fighting       | 3 4 |  4.1
Throwing       | 3 |  3.1
Dodging        | |  2.6

Action                     |  1- 3 |  4- 6 || total
---------------------------+-------+-------++-------
  Melee: Flail             |   133 |   102 ||   235
         Punch             |       |     1 ||     1
  Throw: Throwing net      |       |     2 ||     2
    Use: Scroll            |     7 |     4 ||    11
         Potion            |       |     1 ||     1
   Stab: Sleeping          |     1 |       ||     1
 Armour: Robe              |    58 |    61 ||   119
  Dodge: Dodged            |   101 |    97 ||   198

Levels and vault maps discovered:
D:1:      nzn_arrival_crosshair, layout_basic, minmay_pentomino_q4
D:2:      layout_loops_ring, guppyfry_early_lair_pool
D:3:      layout_basic, serial_shops, nicolae_shop_hallway_stairs

Notes
Turn   | Place    | Note
-------+----------+-------------------------------------------
     0 | D:1      | ytrimaz the Ogre Gladiator began the quest for the Orb.
     0 | D:1      | Reached XP level 1. HP: 22/22 MP: 1/1
     0 | D:1      | magus.rc [v1.9.6]
   138 | D:1      | Reached skill level 3 in Maces & Flails
   138 | D:1      | Reached XP level 2. HP: 29/29 MP: 2/2
   149 | D:1      | Reached skill level 3 in Fighting
   589 | D:1      | Reached XP level 3. HP: 35/37 MP: 3/3
  1242 | D:2      | You pick up a book of Flames and begin reading...
  1242 | D:2      | You add the spells Inner Flame, Sticky Flame and Flame Wave
                  | to your library.
  1740 | D:3      | Reached XP level 4. HP: 45/45 MP: 4/4
  1768 | D:3      | Noticed a gnoll sergeant
  1907 | D:3      | HP: 12/48 [poisoned by an adder]
  2085 | D:3      | Reached skill level 4 in Maces & Flails
  2205 | D:3      | Found Agoimm's Antique Armour Shop.
  2400 | D:3      | Reached skill level 4 in Fighting
  2400 | D:3      | Reached XP level 5. HP: 52/54 MP: 5/5
  2437 | D:3      | HP: 13/54 [something (2)]
  2446 | D:3      | HP: 12/54 [something (1)]
  2451 | D:3      | HP: 9/54 [something (1)]
  2494 | D:3      | Reached skill level 3 in Throwing
  2508 | D:3      | HP: 13/54 [something (3)]
  2511 | D:3      | HP: 6/54 [poisoned by a kobold]
  2512 | D:3      | HP: 1/54 [something (2)]
  2532 | D:3      | Slain by a gnoll sergeant

Vanquished Creatures
  An orc wizard (D:3)
  3 gnolls
  3 adders
  A dart slug (D:2)
  7 orcs (D:3)
  6 endoplasms
  5 giant cockroaches
  4 goblins
  8 hobgoblins
  A quokka (D:3)
  6 ball pythons
  11 bats
  9 kobolds
  5 rats
70 creatures vanquished.

Vanquished Creatures (others)
  An orc wizard (D:3)
1 creature vanquished.

Grand Total: 71 creatures vanquished

Table legend:
 A = Non-vault XP
 B = Vault XP
 C = Vault XP percentage of total XP
 D = Non-vault monster count
 E = Vault monster count
 F = Vault count percentage of total count
                 A         B        C        D         E       F
            +---------+---------+-------+---------+---------+-------
      Total |     212 |       9 |   4.1 |      66 |       5 |   7.0
            +---------+---------+-------+---------+---------+-------
        D:1 |      33 |       9 |  21.4 |      22 |       5 |  18.5
        D:2 |      61 |       0 |   0.0 |      13 |       0 |   0.0
        D:3 |     118 |       0 |   0.0 |      31 |       0 |   0.0
            +---------+---------+-------+---------+---------+-------

Skill      XL: |  1  2  3  4  5 |
---------------+----------------+-----
Maces & Flails | 3 4 |  4.2
Fighting       | 3 4 |  4.1
Throwing       | 3 |  3.1
Dodging        | |  2.6

Action                     |  1- 3 |  4- 6 || total
---------------------------+-------+-------++-------
  Melee: Flail             |   133 |   102 ||   235
         Punch             |       |     1 ||     1
  Throw: Throwing net      |       |     2 ||     2
    Use: Scroll            |     7 |     4 ||    11
         Potion            |       |     1 ||     1
   Stab: Sleeping          |     1 |       ||     1
 Armour: Robe              |    58 |    61 ||   119
  Dodge: Dodged            |   101 |    97 ||   198

Illustrated notes

Table legend:
 A = Kills in this place as a percentage of kills in the entire game.
 B = Kills by you in this place as a percentage of kills by you in the entire game.
 C = Kills by friends in this place as a percentage of kills by friends in the entire game.
 D = Other kills in this place as a percentage of other kills in the entire game.
 E = Experience gained in this place as a percentage of experience gained in the entire game.
 F = Experience gained in this place divided by the number of levels of this place that you have seen.
                   A       B       C       D       E      F
               +-------+-------+-------+-------+-------+----------------------
         Total | 100.0 | 100.0 |   N/A | 100.0 | 100.0 |  73.7
       Dungeon | 100.0 | 100.0 |   N/A | 100.0 | 100.0 |  73.7
               +-------+-------+-------+-------+-------+----------------------

Table legend: (Time is in decaauts)
 A = Elapsed time spent in this place.
 B = Non-inter-level travel time spent in this place.
 C = Inter-level travel time spent in this place.
 D = Time resting spent in this place.
 E = Time spent auto-exploring this place.
 F = Levels seen in this place.
 G = Mean time per level.
                   A        B        C        D        E       F      G
               +--------+--------+--------+--------+--------+-----+--------+
         Total |   2582 |   2477 |    105 |     31 |   1770 |   3 |  860.7 |
       Dungeon |   2582 |   2477 |    105 |     31 |   1770 |   3 |  860.7 |
               +--------+--------+--------+--------+--------+-----+--------+

Top non-repeatable levels by time:
     D:1: 943 daAuts
     D:3: 879 daAuts
     D:2: 760 daAuts
